 Dungeon Crawl Stone Soup version 0.19-a0-1097-g38e3b35 (webtiles) character file.

105279 4thArraOfDagon the Fencer (level 15, -7/136 HPs)
             Began as a Troll Arcane Marksman on Aug 8, 2016.
             Was a High Priest of the Shining One.
             Mangled by an Executioner (10 damage)
             ... summoned by a deep elf demonologist
             ... on level 3 of the Elven Halls.
             The game lasted 01:27:06 (13359 turns).

4thArraOfDagon the Fencer (Troll Arcane Marksman)  Turns: 13359, Time: 01:27:07

Health: -7/136     AC:  7    Str: 23    XL:     15   Next: 94%
Magic:  20/20      EV: 15    Int: 14    God:    the Shining One [*****.]
Gold:   252        SH:  0    Dex: 15    Spells: 1 memorised, 12 levels left

rFire  + . .     SeeInvis +     O - +14 plutonium sword {*Contam Stlth-}
rCold  + + +     Gourm    +     o - +0 robe {rC+ rF+}
rNeg   + + .     Faith    +     (shield currently unavailable)
rPois  .         Spirit   .     m - +0 mask of the Dragon {MR+ Slay+3 SInv}
rElec  +         Dismiss  .     M - +0 cloak
rCorr  .         Reflect  .     (gloves unavailable)
SustAt .         Harm     .     (boots unavailable)
MR     +++..                    q - amulet of faith
Stlth  ..........               i - +4 ring of dexterity
                                e - ring of Semaokly {rElec rC+++ MR+ SInv Stlth-}

@: about to teleport, glowing
A: unfitting armour, claws 3, thin skeletal structure 1, yellow scales 1,
deformed body, fast metabolism 3, gourmand, sense surroundings 2, regeneration
2, screaming 1, shaggy fur 1, tough skin 2, no device heal 2
a: Divine Shield, Cleansing Flame, Summon Divine Warrior, Renounce Religion


You were on level 3 of the Elven Halls.
You worshipped the Shining One.
The Shining One was extremely pleased with you.
You were full.

You visited 4 branches of the dungeon, and saw 26 of its levels.
You also visited: Ossuary and Bailey.

You collected 2378 gold pieces.
You spent 2126 gold pieces at shops.

Inventory:

Hand Weapons
 O - the +14 plutonium sword (weapon) {*Contam Stlth-}
   (You found it in a bailey)

   It causes magical contamination when unequipped.
   It makes you less stealthy.
Missiles
 c - 32 large rocks (quivered)
 d - 13 throwing nets
Armour
 m - the +0 mask of the Dragon (worn) {MR+ Slay+3 SInv}
   (You found it on level 4 of the Lair of Beasts)

   It affects your accuracy and damage with ranged weapons and melee attacks
   (+3).
   It affects your resistance to hostile enchantments.
   It lets you see invisible.
 o - a +0 robe of resistance (worn)
 M - a +0 cloak (worn)
 N - the +0 hat of Obreiq {rPois}
   (You bought it in a shop on level 12 of the Dungeon)

   It protects you from poison.
 S - a +1 robe of cold resistance
Rods
 X - a +2 rod of ignition (11/11)
   (You found it on level 13 of the Dungeon)
Jewellery
 e - the ring of Semaokly (left claw) {rElec rC+++ MR+ SInv Stlth-}
   (You found it on level 14 of the Dungeon)

   [ring of protection from magic]

   It renders you almost immune to cold.
   It insulates you from electricity.
   It affects your resistance to hostile enchantments.
   It lets you see invisible.
   It makes you less stealthy.
 i - a +4 ring of dexterity (right claw)
 q - an amulet of faith (around neck)
 R - an uncursed ring of resist corrosion
Wands
 b - a wand of heal wounds (6/9)
 s - a wand of digging (6/24)
 D - a wand of enslavement (14/24)
 G - a wand of teleportation (1/9)
 T - a wand of iceblast (7/15)
Scrolls
 a - a scroll of silence
 g - 3 scrolls of recharging
 j - 4 scrolls of enchant weapon
 r - 3 scrolls of blinking
 v - 5 scrolls of noise
 x - 3 scrolls of fog
 y - 3 scrolls of enchant armour
 H - a scroll of vulnerability
 L - 9 scrolls of remove curse
 Q - 2 scrolls of identify
 V - 2 scrolls of magic mapping
 W - a scroll of amnesia
Potions
 f - a potion of resistance
 h - 4 potions of cancellation
 k - 2 potions of haste
 l - 4 potions of might
 n - 2 potions of lignification
 p - 3 potions of brilliance
 u - a potion of magic
 w - 3 potions of flight
 z - 6 potions of curing
 A - a potion of cure mutation
 C - a potion of ambrosia
 I - a potion of agility
 K - 2 potions of heal wounds
 U - 2 potions of beneficial mutation
 Z - a potion of berserk rage
Miscellaneous
 P - a lamp of fire (inert)
 Y - a phial of floods
Comestibles
 B - 7 meat rations
 F - 11 bread rations
 J - 6 slices of pizza


   Skills:
 - Level 6.1 Fighting
 * Level 17.3 Long Blades
 - Level 1.7 Throwing
 - Level 8.0 Dodging
 - Level 12.5 Unarmed Combat
 - Level 1.0 Spellcasting
 - Level 2.0 Hexes
 - Level 8.0 Invocations


You had 12 spell levels left.
You knew the following spells:

 Your Spells              Type           Power        Failure   Level  Hunger
a - Leda's Liquefaction   Hex/Erth       #.........   99%         4    #####..


Dungeon Overview and Level Annotations

Branches:
Dungeon (15/15)            Temple (0/1) D:7            Lair (6/6) D:10
  Swamp (0/4) Lair:4        Snake (0/4) Lair:3        Slime (0/5) Lair:5
    Orc (2/2) D:12            Elf (3/3) Orc:2        Vaults (0/5) D:13
 Depths: D:15

Altars:
Dithmenos
Elyvilon
Fedhas
Nemelex Xobeh
Pakellas
Qazlal
Trog
Xom
The Shining One
Beogh
Jiyva

Shops:
D:7 [   D:11 (   D:12 ([   D:13 [   Orc:2 }[*=   Elf:3 %?*(

Portals:
Trove: D:14 (give +7 demon whip)

Annotations:
D:4 Edmund, Grinder


Innate Abilities, Weirdness & Mutations

You are too large for most types of armour.
You have claws for hands.
Your metabolism is lightning-fast.
You like to eat raw meat.
You heal very quickly.
You are covered in fur. (AC +1)
You have very tough skin. (AC +2)
You have a somewhat thin skeletal structure. (Dex +2, Stealth)
You are partially covered in yellow scales. (AC +2)
Armour fits poorly on your strangely shaped body.
You passively map the area around you.
You occasionally shout uncontrollably at your foes.
Potions and wands are poor at restoring your health.


Message History

Unknown command.
Unknown command.
Unknown command.
Unknown command.
Unknown command.
Unknown command.
Unknown command.
Unknown command.
Your system partially rejects the healing.
You feel much better.
The Executioner hits you but does no damage.
The Executioner hits you.
* * * LOW HITPOINT WARNING * * *
The Executioner hits you.
* * * LOW HITPOINT WARNING * * *
The Executioner closely misses you. The Executioner hits you.
* * * LOW HITPOINT WARNING * * *
The Executioner hits you but does no damage.
The Executioner hits you!
You die...

#.## ** ######..## ######### *
##........# #.......# *
......e...## ###.......###
♣.♣..)♣....# #.........(.#
.∩...∩.....# ######...........#
♣.♣..)♣....#####................#
...8.......'(.(e.((()...........#
♣.♣.♣.♣....####1@#..#)..........'
.∩...∩.....###.######...........#
♣.♣.♣.♣..####.## #...........#
..........##.## ###.......###
######'.##..## #.......#
...........(######## ####'#### #
######.....###.(...# #.# ###
#..)..###..)..## #,* #..
#....###.......## *,* #..


You could see an Executioner and a deep elf demonologist.

Vanquished Creatures
  2 deep elf master archers (Elf:3)
  A storm dragon (D:14)
  An orc warlord (Orc:2)
  2 fire giants (D:14)
  4 deep elf sorcerers
  3 stone giants
  3 deep elf elementalists (Elf:3)
  A deep elf annihilator (Elf:3)
  A dire elephant (Lair:6)
  A deep elf death mage (Elf:3)
  A minotaur (Lair:4)
  2 deep elf high priests (Elf:3)
  A hydra (D:8)
  Harold (Lair:3)
  5 death yaks
  An anaconda (Lair:6)
  2 centaur warriors
  4 dancing weapons
  2 orc high priests (Orc:2)
  A deep elf knight (Elf:3)
  Sonja (D:12)
  An unseen horror (shapeshifter) (D:14)
  14 hill giants
  4 deep elf archers
  A lindwurm (Lair:6)
  An orc knight (Orc:1)
  A wolf spider (Elf:3)
  17 deep elf magi
  2 ugly things
  4 cyclopes
  An orc sorcerer (Orc:2)
  A manticore (D:12)
  4 elephants (Lair:6)
  A centaur zombie (D:12)
  Maurice (D:9)
  Joseph (D:7)
  A gargoyle (D:11)
  3 black mambas
  A rime drake (Lair:4)
  5 centaur skeletons
  5 spiny frogs
  A rime drake (shapeshifter) (D:14)
  3 komodo dragons
  A tengu conjurer (D:14)
  A polar bear (Lair:2)
  2 meliai (Lair:4)
  A giant leech (Elf:2)
  A jumping spider (Lair:5)
  9 blink frogs
  6 two-headed ogres
  2 boulder beetles (Lair:6)
  2 air elementals (Elf:2)
  2 wraiths (Lair:6)
  A shadow (D:13)
  34 yaks
  A wyvern (Lair:4)
  A fire elemental (Elf:2)
  A basilisk (Lair:4)
  2 hippogriffs
  9 vampire mosquitoes
  3 nagas
  3 mottled dragons
  6 wargs
  6 water moccasins
  A giant eyeball (shapeshifter) (D:14)
  7 porcupines
  An ice beast (D:7)
  3 wasps
  24 orc warriors
  3 sky beasts
  2 black bears (D:9)
  2 phantoms
  12 ogres
  A tengu (Lair:1)
  2 wolves
  6 centaurs
  5 crocodiles
  6 big kobolds
  8 giant frogs
  9 gnoll sergeants
  An earth elemental (Elf:2)
  A scorpion (D:9)
  19 killer bees (Lair:4)
  6 wights
  3 howler monkeys
  4 crimson imps
  A giant frog zombie (D:13)
  7 hounds
  2 quasits
  4 jellies
  18 orc priests
  6 gnoll shamans (Bailey)
  7 orc wizards
  Jessica (D:3)
  4 iguanas
  Natasha (twice) (D:2)
  A hell rat (Lair:4)
  9 worker ants
  A killer bee zombie (D:9)
  4 sheep
  2 hound zombies
  14 mummies (Ossuary)
  19 gnolls
  A howler monkey skeleton (D:11)
  11 adders
  22 river rats
  3 shadow imps
  An adder skeleton (D:6)
  2 dart slugs
  2 giant geckos
  69 orcs
  3 giant cockroaches
  5 goblins
  2 hobgoblins
  4 jackals
  4 quokkas
  A ball python (D:1)
  A giant gecko skeleton (D:6)
  4 gnoll skeletons (Ossuary)
  A goblin skeleton (Ossuary)
  A jackal zombie (D:5)
  21 kobolds
  A kobold skeleton (Ossuary)
  2 orc skeletons (Ossuary)
  2 rats (D:2)
  11 rat skeletons (Ossuary)
  A butterfly (Lair:4)
  2 fungi (Lair:3)
  6 plants
618 creatures vanquished.

Vanquished Creatures (collateral kills)
  Frances (D:14)
  An orc warlord (Orc:1)
  A deep elf elementalist (Elf:3)
  A deep elf demonologist (Elf:3)
  Azrael (D:14)
  2 dire elephants (Lair:6)
  A deep elf death mage (Elf:3)
  An ettin (Orc:2)
  Josephine (Lair:6)
  A deep elf high priest (Elf:3)
  4 vault guards (D:13)
  4 hydras
  A dancing weapon (Elf:1)
  A death yak (Lair:6)
  3 hill giants (D:13)
  A deep elf archer (Elf:1)
  An orange crystal statue (D:14)
  2 deep elf magi (Elf:1)
  An orc sorcerer (Orc:2)
  3 orc knights
  A cyclops (D:12)
  7 elephants
  A faun (Lair:6)
  2 centaur zombies
  A black mamba (shapeshifter) (D:12)
  A black mamba (Lair:6)
  3 spiny frogs
  A rime drake (Lair:4)
  4 komodo dragons
  A queen bee (Lair:4)
  A troll (D:12)
  A meliai (Lair:4)
  A polar bear (Lair:4)
  A two-headed ogre (Orc:2)
  A blink frog (Lair:6)
  2 wraiths
  4 fire elementals (D:14)
  6 yaks
  A mottled dragon (D:14)
  3 water moccasins
  3 hell hounds (D:14)
  A porcupine (Lair:5)
  An ice beast (D:14)
  11 orc warriors
  6 ogres
  A necrophage (D:13)
  A centaur (D:14)
  A phantom (D:13)
  A big kobold (D:12)
  10 killer bees (Lair:4)
  4 orc priests
  6 orc wizards
  2 worker ants (D:12)
  3 sheep (Lair:5)
  An adder (Lair:2)
  4 river rats (Lair:5)
  31 orcs
  4 kobolds (D:12)
  A plant (Lair:2)
167 creatures vanquished.

Vanquished Creatures (others)
  An ogre (D:7)
  6 fungi
  9 plants
16 creatures vanquished.

Grand Total: 801 creatures vanquished

Notes
Turn   | Place    | Note
-------+----------+-------------------------------------------
     0 | D:1      | 4thArraOfDagon the Troll Arcane Marksman began the quest for the Orb.
     0 | D:1      | Reached XP level 1. HP: 18/18 MP: 1/1
    38 | D:1      | Reached skill level 1 in Unarmed Combat
    50 | D:1      | Reached XP level 2. HP: 21/26 MP: 2/2
    76 | D:2      | Found a faded altar of an unknown god.
    84 | D:2      | Became a worshipper of the Shining One
    84 | D:2      | Reached * piety under the Shining One
   127 | D:2      | Found a glowing golden altar of the Shining One.
   134 | D:2      | Noticed Natasha
   140 | D:2      | Killed Natasha
   140 | D:2      | Reached XP level 3. HP: 13/32 MP: 3/3
   164 | D:2      | Noticed Natasha
   171 | D:2      | Killed Natasha
   279 | D:2      | Found a stormy altar of Qazlal.
   279 | D:2      | Found a blossoming altar of Fedhas.
   281 | D:2      | You fall through a shaft for 2 floors!
   286 | D:3      | Noticed Jessica
   289 | D:3      | Killed Jessica
   289 | D:3      | Reached XP level 4. HP: 40/40 MP: 4/4
   404 | D:5      | Entered Level 5 of the Dungeon
   487 | D:5      | Found a sand-covered staircase.
   495 | Ossuary  | Entered an ossuary
   542 | Ossuary  | Reached XP level 5. HP: 38/46 MP: 5/5
   549 | Ossuary  | Reached ** piety under the Shining One
   583 | Ossuary  | Reached *** piety under the Shining One
   593 | Ossuary  | Reached skill level 5 in Unarmed Combat
   686 | Ossuary  | Reached **** piety under the Shining One
   700 | Ossuary  | Reached XP level 6. HP: 51/54 MP: 6/6
   936 | D:4      | Noticed Edmund
   937 | D:4      | Noticed Grinder
   955 | D:5      | 4thArraOfDagon: hi
  1009 | D:6      | Found an oddly glowing altar of Pakellas.
  1018 | D:6      | Liquid: hello
  1023 | D:6      | Found a white marble altar of Elyvilon.
  1046 | D:6      | Noticed an orc warrior
  1180 | D:5      | Reached XP level 7. HP: 19/61 MP: 7/7
  1252 | D:6      | Reached ***** piety under the Shining One
  1387 | D:6      | Reached skill level 1 in Fighting
  1434 | D:7      | Found a staircase to the Ecumenical Temple.
  1475 | D:7      | Noticed Joseph
  1536 | D:7      | Killed Joseph
  1536 | D:7      | Reached skill level 1 in Invocations
  1536 | D:7      | Reached XP level 8. HP: 60/72 MP: 8/8
  1589 | D:7      | Found Arid's Armour Boutique.
  1817 | D:7      | Gained mutation: You are partially covered in yellow scales. (AC +2) [mutagenic meat]
  1820 | D:7      | Gained mutation: You passively map a small area around you. [mutagenic meat]
  1823 | D:7      | Gained mutation: Armour fits poorly on your strangely shaped body. [mutagenic meat]
  1826 | D:7      | Gained mutation: Your spells are a little easier to cast, but a little less powerful. [mutagenic meat]
  1882 | D:8      | jacquesderrida: Reeee
  1988 | D:8      | Found a shadowy altar of Dithmenos.
  2020 | D:8      | Liquid: hi jac:D
  2029 | D:8      | 4thArraOfDagon: there you are
  2042 | D:8      | Found a sparkling altar of Nemelex Xobeh.
  2099 | D:8      | Reached XP level 9. HP: 83/83 MP: 10/10
  2124 | D:8      | Noticed a three-headed hydra
  2130 | D:8      | Killed a one-headed hydra
  2130 | D:8      | Reached skill level 10 in Unarmed Combat
  2203 | D:9      | Found a bloodstained altar of Trog.
  2223 | D:9      | jacquesderrida: :D
  2305 | D:9      | Found a shimmering altar of Xom.
  2339 | D:9      | Reached XP level 10. HP: 42/94 MP: 8/12
  2409 | D:9      | Gained mutation: You are clumsy. (Dex -2) [potion of mutation]
  2409 | D:9      | Gained mutation: You are robust. (+10% HP) [potion of mutation]
  2496 | D:9      | Noticed Maurice
  2508 | D:9      | Killed Maurice
  2568 | D:10     | Entered Level 10 of the Dungeon
  2616 | D:10     | Reached skill level 5 in Dodging
  2616 | D:10     | Reached skill level 5 in Invocations
  2664 | D:10     | Found a staircase to the Lair.
  2688 | D:11     | Noticed a brown ugly thing
  2688 | D:11     | Noticed a manticore
  2722 | D:11     | Reached skill level 5 in Fighting
  2778 | D:11     | Noticed a hill giant
  2796 | D:11     | Killed a hill giant
  2805 | D:11     | Killed a brown ugly thing
  2811 | D:11     | Lost mutation: You are robust. (+10% HP) [mutagenic meat]
  2815 | D:11     | Noticed a hill giant
  2831 | D:11     | Killed a hill giant
  2857 | D:11     | Found Nots's Antique Weapon Emporium.
  2870 | D:11     | Noticed a gargoyle
  2887 | D:11     | Killed a gargoyle
  3037 | D:11     | Noticed a cyclops
  3053 | D:11     | Killed a cyclops
  3053 | D:11     | Reached XP level 11. HP: 47/105 MP: 10/14
  3202 | D:14     | Noticed a hill giant
  3206 | D:14     | Killed a hill giant
  3236 | D:14     | Noticed a four-headed hydra
  3243 | D:14     | Killed a four-headed hydra
  3299 | D:14     | Found a portal to a secret trove of treasure.
  3319 | D:14     | Found a flagged portal.
  3428 | Bailey   | Entered a bailey
  3567 | Bailey   | Reached ****** piety under the Shining One
  3650 | Bailey   | Gained mutation: Potions and wands are less effective at restoring your health. [potion of mutation]
  3650 | Bailey   | Gained mutation: You have a somewhat thin skeletal structure. (Dex +2, Stealth) [potion of mutation]
  3650 | Bailey   | Gained mutation: Your muscles are strong. (Str +2) [potion of mutation]
  3672 | Bailey   | hmmm
  3794 | Bailey   | crazy movements
  3890 | D:14     | Found a runed door.
  3890 | D:14     | Noticed a stone giant
  3890 | D:14     | Noticed a storm dragon
  3890 | D:14     | Noticed a fire giant
  3891 | D:14     | Noticed a swamp dragon
  3892 | D:14     | Noticed a stone giant
  3892 | D:14     | Noticed a fire giant
  3892 | D:14     | Noticed a shock serpent
  3892 | D:14     | a swamp dragon changed into a moth of wrath
  3894 | D:14     | Noticed a mana viper
  3894 | D:14     | a torpor snail changed into a mana viper
  3895 | D:14     | Noticed a hill giant
  3895 | D:14     | a shock serpent changed into a hill giant
  3897 | D:14     | Noticed a swamp dragon
  3897 | D:14     | a mana viper changed into a swamp dragon
  3898 | D:14     | jacquesderrida: yes
  3898 | D:14     | Noticed a lindwurm
  3898 | D:14     | a swamp dragon changed into a lindwurm
  3899 | D:14     | 4thArraOfDagon: ok
  3899 | D:14     | jacquesderrida: gotta do it meng
  3899 | D:14     | a hill giant changed into a water nymph
  3899 | D:14     | a lindwurm changed into a giant eyeball
  3900 | D:14     | jacquesderrida: >>>>>>>>>>>>>>>>>>>>>>>storm dreging
  3900 | D:14     | Noticed a giant orange brain
  3900 | D:14     | a water nymph changed into a giant orange brain
  3901 | D:14     | jacquesderrida: >>>>>>>>>>>>>>>>>>>>>>>>>>>>>>>>XL 11
  3901 | D:14     | jacquesderrida: eiiiiiiiii
  3901 | D:14     | 4thArraOfDagon: will be good
  3901 | D:14     | 4thArraOfDagon: i guarantee you that much
  3902 | D:14     | jacquesderrida: Yes
  3902 | D:14     | 4thArraOfDagon: the URGE
  3902 | D:14     | Noticed an anubis guard
  3902 | D:14     | a giant orange brain changed into an anubis guard
  3903 | D:14     | jacquesderrida: I a gree
  3904 | D:14     | an anubis guard changed into a komodo dragon
  3906 | D:14     | Noticed a shining eye
  3906 | D:14     | a water nymph changed into a shining eye
  3911 | D:14     | Killed a stone giant
  3911 | D:14     | Reached skill level 2 in Long Blades
  3912 | D:14     | a shining eye changed into a giant eyeball
  3914 | D:14     | Killed a fire giant
  3914 | D:14     | Reached skill level 3 in Long Blades
  3915 | D:14     | jacquesderrida: deng
  3915 | D:14     | Noticed an unseen horror
  3915 | D:14     | a hippogriff changed into an unseen horror
  3919 | D:14     | Killed a fire giant
  3919 | D:14     | Reached skill level 4 in Long Blades
  3923 | D:14     | Killed a stone giant
  3923 | D:14     | Reached XP level 12. HP: 98/114 MP: 8/16
  3938 | D:14     | Killed a storm dragon
  3938 | D:14     | Reached skill level 5 in Long Blades
  3945 | D:14     | jacquesderrida: nat bed
  3953 | D:14     | jacquesderrida: RANGS
  3954 | D:14     | jacquesderrida: +6 sleyer
  3961 | D:14     | Got a vibrating marble ring
  3962 | D:14     | Identified the ring of Semaokly {rElec rC+++ MR+ SInv Stlth-} (You found it on level 14 of the Dungeon)
  3965 | D:14     | jacquesderrida: reeeeeeeeeeeeeeeeeee
  3969 | D:14     | Identified Sif Muna's Volume of Air and the Arsonist
  3981 | D:14     | jacquesderrida: Did you see
  3997 | D:14     | jacquesderrida: I sea
  3997 | D:14     | jacquesderrida: deng plootoner
  4000 | D:14     | jacquesderrida: gon b gud
  4005 | D:14     | Noticed Frances
  4012 | D:14     | jacquesderrida: trall with plootonir is supar kool
  4018 | D:14     | Killed Frances
  4054 | D:14     | Reached skill level 6 in Long Blades
  4167 | D:14     | Noticed Azrael
  4173 | D:14     | Killed Azrael
  4187 | D:14     | 4thArraOfDagon: lets do it
  4190 | D:14     | Gained mutation: You occasionally shout uncontrollably at your foes. [mutagenic meat]
  4196 | D:14     | Lost mutation: You are clumsy. (Dex -2) [mutagenic meat]
  4205 | D:14     | Gained mutation: Potions and wands are poor at restoring your health. [mutagenic meat]
  4214 | D:14     | Lost mutation: Your spells are a little easier to cast, but a little less powerful. [mutagenic meat]
  4217 | D:14     | Lost mutation: Your muscles are strong. (Str +2) [mutagenic meat]
  4310 | D:15     | Entered Level 15 of the Dungeon
  4365 | D:14     | jacquesderrida: eeeeee
  4366 | D:14     | Reached skill level 7 in Long Blades
  4399 | D:14     | Noticed a centaur warrior
  4470 | D:14     | Killed a centaur warrior
  4618 | D:13     | wow
  4627 | D:13     | magipi: oh crap
  4629 | D:13     | Found Dura's Antique Armour Boutique.
  4651 | D:13     | Noticed Sonja
  4713 | D:13     | Reached skill level 8 in Long Blades
  4771 | D:13     | 4thArraOfDagon: the URGE
  4841 | D:13     | jacquesderrida: Won't the plootoner be good already
  4841 | D:13     | 4thArraOfDagon: sec
  4841 | D:13     | jacquesderrida: To kill mans with
  4841 | D:13     | 4thArraOfDagon: back
  4889 | D:13     | jacquesderrida: Gotta kill mans, meng
  4892 | D:13     | 4thArraOfDagon: will wait for 12
  4976 | D:13     | Reached skill level 9 in Long Blades
  4976 | D:13     | Reached XP level 13. HP: 85/120 MP: 18/18
  5216 | D:13     | 4thArraOfDagon: sry for lame luring
  5427 | D:13     | HP: 2/120 [tengu conjurer/puff of flame[a tengu warrior] (5)]
  5533 | D:13     | Reached skill level 10 in Long Blades
  5588 | D:13     | Found a gate to the Vaults.
  5734 | D:13     | Reached skill level 11 in Long Blades
  5823 | D:13     | Noticed a stone giant
  5874 | D:13     | HP: 2/119 [stone giant/large rock (55)]
  6029 | D:13     | Killed a stone giant
  6067 | D:13     | Got a bloodstained scimitar
  6085 | D:13     | Identified the +4 scimitar of Equilibrium {slice, rF+ Int+2} (You found it on level 13 of the Dungeon)
  6305 | D:12     | Found Elall's Weapon Boutique.
  6308 | D:12     | Found a staircase to the Orcish Mines.
  6338 | D:12     | Found Evos Qoji's Armour Boutique.
  6348 | D:12     | Bought the +0 hat of Obreiq {rPois} for 212 gold pieces
  6407 | D:12     | Gained mutation: You passively map the area around you. [mutagenic meat]
  6413 | D:12     | Gained mutation: You are occasionally teleported next to monsters. [mutagenic meat]
  6416 | D:12     | Lost mutation: You are occasionally teleported next to monsters. [mutagenic meat]
  6628 | D:12     | Killed Sonja
  6742 | Orc:1    | Entered Level 1 of the Orcish Mines
  6746 | Orc:1    | Noticed an orc warlord
  6767 | Orc:1    | Killed an orc warlord
  6767 | Orc:1    | Reached skill level 12 in Long Blades
  6775 | Orc:1    | jacquesderrida: plootonir tiem.......
  7002 | Orc:2    | Entered Level 2 of the Orcish Mines
  7236 | Orc:2    | Found Voun's Gadget Boutique.
  7245 | Orc:2    | Bought a wand of teleportation (3/9) for 273 gold pieces
  7261 | Orc:2    | Found Qoanyezergh's Armour Shop.
  7306 | Orc:2    | Found a roughly hewn altar of Beogh.
  7454 | Orc:2    | Noticed an ettin
  7463 | Orc:2    | Killed an ettin
  7486 | Orc:2    | Reached XP level 14. HP: 116/130 MP: 7/19
  7624 | Orc:2    | Noticed an orc warlord
  7652 | Orc:2    | Killed an orc warlord
  7684 | Orc:2    | Found a roughly hewn altar of Beogh.
  7720 | Orc:2    | Found Ustred's Jewellery Shop.
  7781 | Orc:2    | Reached skill level 13 in Long Blades
  7787 | Orc:2    | Found Esoshompamut's General Store.
  7809 | Orc:2    | Bought a potion of berserk rage for 60 gold pieces
  7809 | Orc:2    | Bought a scroll of magic mapping for 42 gold pieces
  7809 | Orc:2    | Bought 2 potions of beneficial mutation for 840 gold pieces
  7812 | Orc:2    | Bought a scroll of enchant armour for 90 gold pieces
  7812 | Orc:2    | Bought a scroll of identify for 24 gold pieces
  7885 | Orc:2    | Found a staircase to the Elven Halls.
  8049 | D:10     | 4thArraOfDagon: ok
  8049 | D:10     | 4thArraOfDagon: time for
  8049 | D:10     | 4thArraOfDagon: plut
  8182 | Lair:1   | Entered Level 1 of the Lair of Beasts
  8184 | Lair:1   | Got an ichor-stained robe
  8195 | Lair:1   | Identified the +1 robe "Sadeif" {*Corrode rElec rPois} (You found it on level 1 of the Lair of Beasts)
  8195 | Lair:1   | jacquesderrida: PLOOTONIR WHEN!!!!
  8206 | Lair:1   | jacquesderrida: Eeeeeeeeeeee
  8213 | Lair:1   | Liquid: yaaay
  8213 | Lair:1   | jacquesderrida: R U REDY
  8769 | Lair:3   | Found a staircase to the Snake Pit.
  8856 | Lair:4   | 4thArraOfDagon: slayeh
  8953 | Lair:5   | HP: 3/130 [nine-headed hydra (5)]
  9041 | Lair:5   | Found a viscous altar of Jiyva.
  9042 | Lair:5   | Found a staircase to the Slime Pits.
  9225 | Lair:5   | Reached skill level 14 in Long Blades
  9256 | Lair:6   | Entered Level 6 of the Lair of Beasts
  9534 | Lair:6   | Noticed Josephine
  9542 | Lair:6   | Killed Josephine
 10095 | Lair:4   | Reached skill level 15 in Long Blades
 10373 | Lair:4   | Found a staircase to the Swamp.
 10544 | Lair:4   | Reached XP level 15. HP: 107/136 MP: 20/20
 10842 | Lair:3   | Noticed Harold
 10854 | Lair:3   | Killed Harold
 11231 | Elf:1    | Entered Level 1 of the Elven Halls
 11396 | Elf:1    | Noticed a deep elf sorcerer
 11408 | Elf:1    | Killed a deep elf sorcerer
 11530 | Elf:2    | Reached skill level 16 in Long Blades
 11761 | Elf:3    | Entered Level 3 of the Elven Halls
 12225 | Elf:3    | Found Nudwog's Antique Weapon Emporium.
 12258 | Elf:3    | Found Lamaett's Magic Scroll Emporium.
 12258 | Elf:3    | Found Erey's Assorted Antiques.
 12258 | Elf:3    | Found Ivoeseap's Food Emporium.
 12287 | Elf:3    | Bought a scroll of identify for 38 gold pieces
 12287 | Elf:3    | Bought a scroll of identify for 38 gold pieces
 12287 | Elf:3    | Bought a scroll of teleportation for 57 gold pieces
 12287 | Elf:3    | Bought a scroll of identify for 38 gold pieces
 12295 | Elf:3    | Bought a scroll of teleportation for 69 gold pieces
 12295 | Elf:3    | Bought a paperback book for 345 gold pieces
 12300 | Elf:3    | Learned a level 4 spell: Leda's Liquefaction
 12576 | Elf:3    | Noticed a deep elf sorcerer
 12610 | Elf:3    | Killed a deep elf sorcerer
 12614 | Elf:3    | Noticed a deep elf master archer
 12614 | Elf:3    | Noticed a deep elf sorcerer
 12622 | Elf:3    | jacquesderrida: dan man
 12749 | Elf:3    | jacquesderrida: elfers a kill
 12753 | Elf:3    | junb69: unlucky
 12843 | Elf:3    | Noticed a deep elf sorcerer
 12858 | Elf:3    | Killed a deep elf sorcerer
 12866 | Elf:3    | Reached skill level 17 in Long Blades
 12913 | Elf:3    | Noticed a deep elf master archer
 12946 | Elf:3    | Killed a deep elf master archer
 13006 | Elf:3    | Killed a deep elf master archer
 13243 | Elf:3    | Noticed a deep elf sorcerer
 13259 | Elf:3    | Killed a deep elf sorcerer
 13356 | Elf:3    | Noticed an Executioner
 13359 | Elf:3    | HP: 3/136 [Executioner[a deep elf demonologist] (6)]
 13359 | Elf:3    | Mangled by an Executioner

Vault maps used:
D:1:      dpeg_chamrin_arrival_tetris, minmay_pentomino_p2
D:2:      grunt_temple_overflow_forces_of_nature, tso_metal_star,
          ecumenical_altar_1, uniq_natasha, uniq_robin, uniq_sigmund
D:3:      uniq_jessica
D:4:      kennysheep_slug_shrine, nicolae_overflow_hidden_temple,
          gammafunk_temple_overflow_claw, uniq_edmund, uniq_crazy_yiuf_cottage,
          uniq_blork_the_orc, uniq_menkaure, uniq_grinder
D:5:      lightli_ossuary_entry_decrepit_ruins, first_bread
D:6:      lemuel_crystal_altar, kennysheep_mini_moat, basic_altar,
          serial_bayou_lake_a, uniq_pikel
D:7:      serial_shops, shop, uniq_joseph
D:8:      lemuel_crystal_altar, basic_altar, hangedman_ranch
D:9:      trog_ov_bears_minmay, lemuel_crystal_altar, uniq_maurice
D:10:     dpeg_oklobed_lair
D:11:     serial_shops, kennysheep_mini
D:12:     orc_david_3
D:13:     giant_chief_lemuel, lightli_vaults_fourway_checkpoint, serial_shops,
          shop, uniq_sonja
D:14:     minmay_gate_of_8, enter_bailey_3, minmay_misc_feat_five,
          nicolae_trove_entry_diagonal, minivault_16, uniq_azrael, uniq_frances
D:15:     gammafunk_enter_depths_forms, minmay_misc_feat_secret_circle,
          portal_ice_cave_entry_imps, minivault_20
Lair:1:   basic_altar, cheibrodos_lair_caveside_slide
Lair:2:   minmay_lair_venomous_thicket, lemuel_fruit_fields
Lair:3:   guppyfry_snake_entry_island, serial_bayou_shore_a, uniq_harold
Lair:4:   regret_index_combs_of_tragedy, minmay_swamp_entry_worms,
          minmay_stone_trees_small, lemuel_fruit_fields
Lair:5:   dpeg_slime_entry_enclosed_altar
Lair:6:   due_jungle_book, uniq_josephine
Orc:2:    pubby_orc_utopia, serial_shops
Elf:1:    minmay_elf_arrival_circle, hangedman_elf_disciples, minivault_25
Elf:3:    minmay_elf_hall_quartered_circle, minmay_shop_grid_forest
Ossuary:  ossuary_due_small_catacomb
Bailey:   bailey_polearm_gnolls_kennysheep, bailey

Skill      XL: |  1  2  3  4  5  6  7  8  9 10 11 12 13 14 15 |
---------------+----------------------------------------------+-----
Unarmed Combat | 1 2 4 5 7 8 9 10 12 | 12.5
Fighting       | 1 3 4 5 6 |  6.1
Dodging        | 2 3 4 5 7 8 |  8.0
Invocations    | 1 3 4 6 7 8 |  8.0
Long Blades    | 4 9 12 15 17 | 17.3
Throwing       | |  1.7
Spellcasting   | |  1.0
Hexes          | |  2.0

Action                   |  1- 3 |  4- 6 |  7- 9 | 10-12 | 13-15 || total
-------------------------+-------+-------+-------+-------+-------++-------
Melee: Unarmed           |    34 |   140 |   186 |   343 |   438 ||  1141
       Punch             |       |     1 |     7 |    23 |    31 ||    62
       Hand axe          |       |       |     5 |       |       ||     5
       Great sword       |       |       |       |       |    56 ||    56
       Triple sword      |       |       |       |       |   586 ||   586
Throw: Large rock        |       |     3 |       |    22 |     1 ||    26
       Throwing net      |       |     1 |       |       |       ||     1
Invok: Divine Shield     |       |       |     1 |     5 |     7 ||    13
       Summon Divine War |       |       |       |     4 |    23 ||    27
Evoke: Wand              |       |       |     1 |     5 |     8 ||    14
       Lamp of fire      |       |       |       |     1 |     1 ||     2
       Phial of floods   |       |       |       |       |     1 ||     1
  Use: Scroll            |       |     1 |     6 |    10 |    29 ||    46
       Potion            |       |       |     1 |     8 |     8 ||    17
 Stab: Sleeping          |     1 |       |       |       |       ||     1
       Distracted        |       |       |       |       |     1 ||     1
  Eat: Chunk             |     4 |     8 |    16 |    37 |    86 ||   151
       Fruit             |       |       |     4 |       |       ||     4
       Beef jerky        |       |       |       |     1 |     2 ||     3
Armor: Robe              |    10 |    22 |    65 |    45 |   153 ||   295
       Skin              |       |       |       |    14 |     2 ||    16
Dodge: Dodged            |    17 |    34 |    94 |   130 |   561 ||   836
Block: Other             |       |       |       |    19 |    18 ||    37
